 Dungeon Sprint DCSS version 0.29-a0-819-g94b489e0ae (webtiles) character file.

Game seed: 15002197058000394163

107 mhtbhm the Trooper (level 4, -5/60 HPs)
             Began as a Demonspawn Berserker on July 7, 2022.
             Was a Follower of Trog.
             Slain by Sigmund
             ... wielding a +0 scythe
              (9 damage)
             ... in the Dungeon (Sprint I: "Red Sonja").
             The game lasted 00:00:50 (248 turns).

mhtbhm the Trooper (Demonspawn Berserker)            Turns: 248, Time: 00:00:51

Health: -5/60      AC:  3    Str: 19    XL:     4   Next: 57%
Magic:  4/4        EV: 12    Int:  9    God:    Trog [*.....]
Gold:   54         SH:  0    Dex: 12    Spells: 3/3 levels left

rFire   . . .      SeeInvis .   a - +0 mace
rCold   . . .      Faith    .   (no shield)
rNeg    . . .      Spirit   .   b - +0 leather armour
rPois   .          Reflect  .   (no helmet)
rElec   .          Harm     .   (no cloak)
rCorr   .          Rampage  .   (no gloves)
Will    .....      NoTele   +   (no boots)
Stlth   ..........              (no amulet)
HPRegen 0.20/turn               (no ring)
MPRegen 0.09/turn               (no ring)

@: confused, berserking, attractive, hasted, very quick
A: hooves 1, large bone plates 1
a: Renounce Religion, Berserk


You were in the Dungeon.
You worshipped Trog.
Trog was aware of your devotion.
You visited 1 branch You collected 54 gold pieces.

Inventory:

Hand Weapons
 a - a +0 mace (weapon)
Armour
 b - a +0 leather armour (worn)
Wands
 i - a wand of flame (16)
Scrolls
 h - a scroll of blinking
Potions
 f - 2 potions of magic
 j - a potion of attraction


   Skills:
 + Level 6.1 Fighting
 + Level 6.1 Maces & Flails
 + Level 3.0 Armour
 + Level 3.3 Dodging


You had 3 spell levels left.
You didn't know any spells.
Your spell library was empty.

Dungeon Overview and Level Annotations

Branches:
Dungeon (1/1)

Altars:

Annotations:
D Sigmund


Innate Abilities, Weirdness & Mutations

You have large cloven feet.
You are partially covered in large bone plates. (SH +4)


Message History

You hit something. You kick something. Something hits you but does no damage.
You miss something. Your kick misses something. You block something's attack.
You closely miss something. You kick something.
Unknown command.
Aiming: Throw Flame
Press: ? - help, Shift-Dir - straight line You hear some strange, mumbled words.
You are confused.
Unknown command.
Unknown command.
It was a potion of attraction.
You feel attractive to monsters. Something hits you! Something hits you!
Something is attracted toward you.
Things that are here:
a +0 animal skin; a +0 club; the goblin skeleton of Ijyb You feel yourself speed up.
You bump into the stone wall.
You hear some strange, mumbled words.
You are more confused.
Something hits you!
* * * LOW HITPOINT WARNING * * *
There is an open door, spattered with blood here.
You see here a +0 giant spiked club.
Something is attracted toward you.
You're too confused to move!
Something hits you.
* * * LOW HITPOINT WARNING * * *
You miss something. Your kick misses something.
Unknown command.
You miss something. Something hits you!
* * * LOW HITPOINT WARNING * * *
Unknown command.
You bump into the stone wall.
You recover from your berserk rage.
Okay, then.
Okay, then.
A red film seems to cover your vision as you go berserk!
You feel yourself moving faster!
You feel mighty!
You miss something. Your kick misses something. Something hits you!
You die...

#############
#<.#..{@.#..+
#..'[.#..'..#
#..#####'####
#..# #..#
#..# ####
#..# #⌠⌠#
####


There were no monsters in sight!

Vanquished Creatures
  An ogre (D)
  Ijyb (D)
2 creatures vanquished.

Notes
Turn   | Place    | Note
-------+----------+-------------------------------------------
     0 | D        | mhtbhm the Demonspawn Berserker began the quest for the
                  | Orb.
     0 | D        | Reached XP level 1. HP: 18/18 MP: 1/1
     1 | D        | Noticed Ijyb
    10 | D        | Killed Ijyb
    11 | D        | Gained mutation: You are partially covered in large bone
                  | plates. (SH +4) [demonic ancestry]
    11 | D        | Reached XP level 2. HP: 21/26 MP: 2/2
   157 | D        | Noticed an ogre
   163 | D        | Killed an ogre
   164 | D        | Gained mutation: You have large cloven feet. [demonic
                  | ancestry]
   164 | D        | Reached XP level 3. HP: 34/34 MP: 3/3
   164 | D        | Reached XP level 4. HP: 40/40 MP: 4/4
   219 | D        | Noticed Sigmund
   245 | D        | HP: 2/40 [something (9)]
   248 | D        | Slain by Sigmund

Illustrated notes

Levels and vault maps discovered:
D:        dungeon_sprint_1 [red_sonja_temple_1, red_sonja_temple_small_1]

Skill      XL: |  1  2 |
---------------+-------+-----
Fighting       | 4 6 |  6.1
Maces & Flails | 4 6 |  6.1
Armour         | 2 3 |  3.0
Dodging        | 2 3 |  3.3

Action                   |  1- 3 |  4- 6 || total
-------------------------+-------+-------++-------
Melee: Mace              |    12 |    10 ||    22
       Kick              |       |     2 ||     2
Invok: Berserk           |     2 |     1 ||     3
Evoke: Wand              |       |     2 ||     2
  Use: Potion            |       |     5 ||     5
Armor: Leather armour    |       |     1 ||     1
Dodge: Dodged            |     4 |       ||     4
Block: Other             |       |     1 ||     1

Table legend: (Time is in decaauts)
 A = Elapsed time spent in this place.
 B = Non-inter-level travel time spent in this place.
 C = Inter-level travel time spent in this place.
 D = Time resting spent in this place.
 E = Time spent auto-exploring this place.
 F = Levels seen in this place.
 G = Mean time per level.
                   A        B        C        D        E       F      G
               +--------+--------+--------+--------+--------+-----+--------+
         Total |    265 |    265 |      0 |    189 |      1 |   1 |  265.0 |
       Dungeon |    265 |    265 |      0 |    189 |      1 |   1 |  265.0 |
               +--------+--------+--------+--------+--------+-----+--------+

Top non-repeatable levels by time:
       D: 265 daAuts
